 Seeded DCSS version 0.31.0-9-g3a7656b989 (webtiles) character file.

Game seed: 2 (custom seed)

14490 Kazon the Covert (level 12, -14/80 HPs)
             Began as an Octopode Shapeshifter on Jan 23, 2024.
             Was a High Priest of Okawaru.
             Demolished by a skeletal warrior
             ... wielding a +1 scimitar of protection
              (19 damage)
             ... on level 11 of the Dungeon on Jan 24, 2024.
             The game lasted 00:43:04 (6733 turns).

Kazon the Covert (Octopode Shapeshifter)            Turns: 6733, Time: 00:43:05

Health: -14/80     AC:  5    Str: 14    XL:     12   Next: 17%
Magic:  17/17      EV: 17    Int: 13    God:    Okawaru [*****.]
Gold:   650        SH: 11    Dex: 21    Spells: 11/11 levels left

rFire   + . .        s - +2 rapier (freeze)
rCold   + + .        c - +0 buckler
rNeg    . . .        (helmet currently unavailable)
rPois   +            M - amulet of reflection
rElec   .            j - +4 ring of slaying
rCorr   +            m - +4 ring of protection
SInv    .            B - ring of resist corrosion
Will    .....        C - ring of poison resistance
Stlth   ++++++       D - +6 ring of dexterity
HPRegen 0.33/turn    K - ring of protection from cold
MPRegen 0.15/turn    R - ring of protection from fire
                     Z - ring of protection from cold

%: reflection
@: beast-form
A: beast (slay +3), almost no armour, amphibious, 8 rings, camouflage 1,
gelatinous body 1, (nimble swimmer 1), tentacles
a: Begin Untransformation, Renounce Religion, Heroism, Finesse, Duel


You were on level 11 of the Dungeon.
You worshipped Okawaru.
Okawaru was extremely pleased with you.
You were a hulking beast.
You visited 2 branches of the dungeon, and saw 12 of its levels.
You also visited: Ossuary and Bailey.

You collected 650 gold pieces.

Inventory:

Hand Weapons
 e - a +2 dagger of venom
 r - the +5 mace "Trog's Righteous Anger" {venom, ^Contam rC+ rCorr SInv}
   (You found it on level 11 of the Dungeon)

   rC+:       It protects you from cold.
   SInv:      It lets you see invisible.
   ^Contam:   It causes magical contamination when unequipped.
   rCorr:     It protects you from acid and corrosion.
 s - a +2 rapier of freezing (weapon)
Missiles
 o - 11 poisoned darts
 v - 8 stones (quivered)
 T - 2 throwing nets
 U - 2 atropa-tipped darts
 V - a datura-tipped dart
 Y - 8 silver javelins
Armour
 c - a +0 buckler (worn)
 g - an orb of mayhem
 J - a +0 hat
Jewellery
 j - a +4 ring of slaying (left tentacle)
 m - a +4 ring of protection (right tentacle)
 B - a ring of resist corrosion (on tentacle)
 C - a ring of poison resistance (on tentacle)
 D - a +6 ring of dexterity (on tentacle)
 K - a ring of protection from cold (on tentacle)
 M - an amulet of reflection (around mantle)
 R - a ring of protection from fire (on tentacle)
 Z - a ring of protection from cold (on tentacle)
Talismans
 b - a beast talisman
 y - a serpent talisman
 z - a flux talisman
Wands
 h - a wand of mindburst (17)
 t - a wand of flame (14)
 L - a wand of light (13)
 W - a wand of iceblast (2)
Scrolls
 d - a scroll of poison {unknown}
 k - 2 scrolls of immolation {unknown}
 n - 2 scrolls of enchant armour {unknown}
 q - 6 scrolls of teleportation
 u - 2 scrolls of noise {unknown}
 F - 5 scrolls of identify
 H - 3 scrolls of torment {unknown}
 O - 5 scrolls of vulnerability {unknown}
 P - 2 scrolls of revelation {unknown}
 Q - 2 scrolls of fear {unknown}
 S - a scroll of brand weapon {unknown}
 X - a scroll of amnesia {unknown}
Potions
 a - 6 potions of lignification
 f - 3 potions of enlightenment {unknown}
 i - 2 potions of cancellation
 l - 5 potions of mutation {unknown}
 p - 3 potions of might
 w - 3 potions of curing {unknown}
 x - 2 potions of resistance {unknown}
 A - 3 potions of heal wounds {unknown}
 E - 4 potions of ambrosia {unknown}
 G - a potion of berserk rage {unknown}
 I - 3 potions of haste {unknown}
Miscellaneous
 N - a lightning rod (1/4)


   Skills:
 * Level 6.3 Fighting
 * Level 8.3 Short Blades
 + Level 7.0 Throwing
 * Level 6.6 Dodging
 + Level 9.5 Stealth
 * Level 6.3 Shields
 + Level 3.5 Unarmed Combat
 * Level 6.7 Invocations
 + Level 5.2 Evocations
 + Level 5.4 Shapeshifting


You had 11 spell levels left.
You didn't know any spells.
Your spell library contained the following spells:

 Spells                   Type           Power      Damage    Failure   Level
 Apportation              Tloc           0%         N/A       36%         1
 Jinxbite                 Hex            0%         N/A       52%         2
 Sublimation of Blood     Necr           0%         N/A       52%         2
 Manifold Assault         Tloc           0%         N/A       98%         4
 Alistair's Intoxication  Alch           0%         N/A       100%        5
 Dispersal                Tloc           0%         N/A       100%        6
 Disjunction              Tloc           0%         N/A       100%        8
 Call Imp                 Summ           Unusable   N/A       N/A         2
 Summon Hydra             Summ           Unusable   N/A       N/A         7

Dungeon Overview and Level Annotations

Branches:
Dungeon (11/15)            Temple (1/1) D:5            Lair (0/5) D:9
    Orc (0/2) D:9         Ossuary (visited)          Bailey (visited)

Altars:
Ashenzari
Cheibriados
Dithmenos
Elyvilon
Fedhas
Gozag
Hepliaklqana
Kikubaaqudgha
Makhleb
Nemelex Xobeh
Okawaru
Qazlal
Ru
Sif Muna
Trog
Uskayaw
Vehumet
Wu Jian
Xom
Yredelemnul
Zin
The Shining One

Shops:
D:2 (   D:3 (   D:10 *


Innate Abilities, Weirdness & Mutations

You are a hulking beast.
Your limbs bulge with bestial killing power. (Slay +3)
You cannot wear most types of armour.
You are amphibious.
You can wear up to eight rings at the same time.
Your skin changes colour to match your surroundings (Stealth+).
Your rubbery body absorbs attacks. (AC +1, EV +1)
((You are camouflaged when in or above water. (Stealth+)))
You have tentacles for arms and can constrict up to eight enemies at once.


Message History

The skeletal warrior is lightly damaged.
Throw: 11 stones
Press: ? - help, Q - select action, (/) - cycle Shift-Dir - straight line, f/p - skeletal warrior
Aim: a skeletal warrior, wielding a +1 scimitar of protection (lightly damaged, 72% to hit)
You throw a stone.
The stone closely misses the skeletal warrior.
Throw: 10 stones
Press: ? - help, Q - select action, (/) - cycle Shift-Dir - straight line, f/p - skeletal warrior
Aim: a skeletal warrior, wielding a +1 scimitar of protection (lightly damaged, 72% to hit)
You throw a stone.
The stone completely misses the skeletal warrior.
Throw: 9 stones
Press: ? - help, Q - select action, (/) - cycle Shift-Dir - straight line, f/p - skeletal warrior
Aim: a skeletal warrior, wielding a +1 scimitar of protection (lightly damaged, 72% to hit)
You throw a stone. The stone hits the skeletal warrior.
The skeletal warrior is lightly damaged.
You hit the skeletal warrior but do no damage.
You grab the skeletal warrior.
The skeletal warrior is lightly damaged.
You constrict the skeletal warrior, but do no damage.
The skeletal warrior hits you with a +1 scimitar of protection!!
You hit the skeletal warrior but do no damage.
You squeeze the skeletal warrior, but do no damage.
The skeletal warrior is lightly damaged.
You constrict the skeletal warrior, but do no damage.
The skeletal warrior hits you with a +1 scimitar of protection!!
* * * LOW HITPOINT WARNING * * *
You hit the skeletal warrior but do no damage.
The skeletal warrior is lightly damaged.
You constrict the skeletal warrior.
The skeletal warrior hits you with a +1 scimitar of protection!!
* * * LOW HITPOINT WARNING * * *
You hit the skeletal warrior but do no damage.
The skeletal warrior is lightly damaged.
You constrict the skeletal warrior. You hit the skeletal warrior.
You squeeze the skeletal warrior.
The skeletal warrior is lightly damaged.
You constrict the skeletal warrior.
The skeletal warrior hits you with a +1 scimitar of protection!!
You die...

#####################
..#....zh...........#
#.#.###############.#
###.#.##.. ..# #.#
##.#~~.#.##.####.#######.#
.......z......<.........>#
##.≈~~.~.#~..###.####....#
#~.≈≈~.~.≈~..# #.# #...#.#
#~.≈~~.~.~~..###.###.#.#.#
##...........##........#..


You could see a skeletal warrior.

Vanquished Creatures
  Fannar (D:10)
  An ogre mage (D:9)
  Harold (D:11)
  A two-headed ogre (D:9)
  3 death yaks (D:9)
  Urug (D:10)
  A deep elf knight (D:9)
  An orc knight (Bailey)
  2 deep elf pyromancers
  3 ugly things
  A black mamba (shapeshifter) (D:9)
  A komodo dragon (D:10)
  Jeremiah (D:7)
  A troll (D:10)
  A hornet (D:10)
  A basilisk (D:9)
  5 yaks
  Grum (D:10)
  A steam dragon (D:8)
  3 water moccasins (D:7)
  An ice beast (D:8)
  A sky beast (D:6)
  2 black bears
  8 orc warriors
  9 centaurs
  2 ogres
  2 wolves (D:10)
  A phantom (D:4)
  2 bullfrogs (D:9)
  2 gnoll sergeants
  2 scorpions
  6 water moccasin zombies (Ossuary)
  3 wights (D:8)
  A burial acolyte (Ossuary)
  5 killer bees (D:10)
  An electric eel (D:11)
  A jelly (D:8)
  A bombardier beetle (D:6)
  2 hounds
  2 iguanas
  9 orc wizards
  3 hell rats (D:9)
  2 crocodile zombies (Ossuary)
  A bullfrog simulacrum (Ossuary)
  2 mummies (Ossuary)
  5 gnolls (D:6)
  8 adders
  A shadow imp (D:8)
  2 white imps
  2 ufetubi (D:6)
  4 adder zombies (Ossuary)
  3 dart slugs
  A ribbon worm (D:2)
  24 orcs
  3 ball pythons
  5 bats
  11 endoplasms
  2 giant cockroaches (D:3)
  10 gnoll zombies (Ossuary)
  12 goblins
  2 hobgoblins
  2 jackals (D:3)
  9 quokkas
  2 frilled lizards
  2 jackal zombies (Ossuary)
  2 kobolds
  4 orc zombies (Ossuary)
  4 rats
222 creatures vanquished.

Vanquished Creatures (others)
  2 orcs
2 creatures vanquished.

Grand Total: 224 creatures vanquished

Notes
Turn   | Place    | Note
-------+----------+-------------------------------------------
     0 | D:1      | Kazon the Octopode Shapeshifter began the quest for the
                  | Orb.
     0 | D:1      | Reached XP level 1. HP: 13/13 MP: 1/1
    78 | D:1      | Reached XP level 2. HP: 18/18 MP: 2/2
   761 | D:2      | Found Weaqack's Weapon Shop.
   767 | D:2      | Reached XP level 3. HP: 22/23 MP: 1/3
  1030 | D:2      | Reached skill level 1 in Stealth
  1030 | D:2      | Reached XP level 4. HP: 29/29 MP: 4/4
  1115 | D:3      | Noticed an ogre
  1203 | D:3      | Found Hivuethe's Antique Weapon Shoppe.
  1251 | D:3      | Killed an ogre
  1252 | D:3      | Reached skill level 1 in Throwing
  1252 | D:3      | Reached skill level 2 in Stealth
  1252 | D:3      | Reached XP level 5. HP: 34/34 MP: 5/5
  1399 | D:3      | Found a shimmering altar of Xom.
  1408 | D:3      | Found a shimmering altar of Xom.
  1412 | D:3      | Found a shimmering altar of Xom.
  1429 | D:3      | Reached skill level 3 in Stealth
  1537 | D:4      | Found a sacrificial altar of Ru.
  1681 | D:4      | Reached skill level 1 in Short Blades
  1684 | D:4      | Reached XP level 6. HP: 32/40 MP: 4/6
  1959 | D:5      | Entered Level 5 of the Dungeon
  2060 | D:5      | Found a staircase to the Ecumenical Temple.
  2069 | Temple   | Entered the Ecumenical Temple
  2076 | Temple   | Became a worshipper of Warmaster Okawaru
  2089 | D:5      | Reached skill level 4 in Stealth
  2089 | D:5      | Reached XP level 7. HP: 45/45 MP: 7/7
  2193 | D:5      | Found a sand-covered staircase.
  2202 | Ossuary  | Entered an ossuary
  2245 | Ossuary  | Reached skill level 1 in Shields
  2250 | Ossuary  | Reached skill level 1 in Invocations
  2323 | Ossuary  | Reached * piety under Okawaru
  2355 | Ossuary  | Reached XP level 8. HP: 51/52 MP: 9/9
  2708 | D:5      | Reached skill level 5 in Stealth
  3141 | D:6      | Reached ** piety under Okawaru
  3419 | D:6      | Reached XP level 9. HP: 58/58 MP: 11/11
  3508 | D:6      | Reached skill level 6 in Stealth
  3788 | D:7      | Reached skill level 5 in Short Blades
  3789 | D:7      | Noticed Jeremiah
  3976 | D:7      | Found a flagged portal.
  3989 | D:7      | Reached *** piety under Okawaru
  3997 | Bailey   | Entered a bailey
  4038 | Bailey   | Found a large runed translucent door.
  4038 | Bailey   | Found a large runed translucent door.
  4039 | Bailey   | Noticed a deep elf pyromancer
  4044 | Bailey   | Reached skill level 1 in Evocations
  4048 | Bailey   | Noticed an orc knight
  4123 | Bailey   | Killed an orc knight
  4260 | Bailey   | Killed a deep elf pyromancer
  4260 | Bailey   | Reached **** piety under Okawaru
  4261 | Bailey   | Reached skill level 5 in Throwing
  4261 | Bailey   | Reached skill level 5 in Dodging
  4261 | Bailey   | Reached XP level 10. HP: 33/65 MP: 6/13
  4283 | Bailey   | Identified the +5 ring mail of the Moneychanger {Will+
                  | Str+2}
  4372 | D:7      | Noticed a deep elf pyromancer
  4380 | D:7      | Killed a deep elf pyromancer
  4381 | D:7      | Reached skill level 7 in Stealth
  4496 | D:7      | Killed Jeremiah
  4929 | D:8      | Upgraded the game from 0.31.0-7-gf635a9b802 to
                  | 0.31.0-9-g3a7656b989
  5041 | D:8      | Reached skill level 5 in Fighting
  5112 | D:8      | Reached ***** piety under Okawaru
  5514 | D:9      | Found an ancient bone altar of Kikubaaqudgha.
  5598 | D:9      | Found a staircase to the Orcish Mines.
  5619 | D:9      | Noticed a two-headed ogre
  5626 | D:9      | Reached skill level 5 in Shapeshifting
  5638 | D:9      | Killed a two-headed ogre
  5639 | D:9      | Reached skill level 5 in Invocations
  5708 | D:9      | Found a runed translucent door.
  5708 | D:9      | Noticed a green ugly thing
  5709 | D:9      | Noticed an ogre mage
  5711 | D:9      | Killed a green ugly thing
  5711 | D:9      | Received a gift from Okawaru
  5712 | D:9      | Reached skill level 5 in Shields
  5714 | D:9      | Killed an ogre mage
  5715 | D:9      | Reached XP level 11. HP: 50/72 MP: 13/15
  5727 | D:9      | Noticed a purple ugly thing
  5729 | D:9      | Killed a purple ugly thing
  5730 | D:9      | Reached skill level 8 in Stealth
  5730 | D:9      | Noticed a deep elf knight
  5732 | D:9      | Killed a deep elf knight
  5740 | D:9      | Identified the +0 ring mail "Huforom" {rF+}
  5791 | D:9      | Noticed a death yak
  5806 | D:9      | Noticed a death yak
  5808 | D:9      | Noticed a death yak
  5811 | D:9      | Killed a death yak
  5811 | D:9      | Received a gift from Okawaru
  5815 | D:9      | Killed a death yak
  5822 | D:9      | Killed a death yak
  5833 | D:9      | Found a staircase to the Lair.
  5991 | D:10     | Entered Level 10 of the Dungeon
  6003 | D:10     | Noticed Urug
  6013 | D:10     | Killed Urug
  6038 | D:10     | Found Kynau's Lightly-Used Armoury.
  6192 | D:10     | Noticed Grum
  6201 | D:10     | Killed Grum
  6214 | D:10     | Reached skill level 9 in Stealth
  6289 | D:10     | Noticed Fannar
  6292 | D:10     | Killed Fannar
  6340 | D:10     | Noticed a green ugly thing
  6344 | D:10     | Killed a green ugly thing
  6544 | D:10     | Reached skill level 5 in Evocations
  6544 | D:10     | Reached XP level 12. HP: 79/79 MP: 16/16
  6623 | D:11     | Noticed Harold
  6632 | D:11     | Killed Harold
  6632 | D:11     | Received a gift from Okawaru
  6677 | D:11     | Identified the +5 mace "Trog's Righteous Anger" {venom,
                  | ^Contam rC+ rCorr SInv}
  6733 | D:11     | Demolished by a skeletal warrior

Illustrated notes

Levels and vault maps discovered:
D:1:      lightli_arrival_noodles, layout_loops_ring, skrybe_limestone_x
D:2:      layout_rooms, serial_shops, shop
D:3:      layout_basic, xom_redecorated, serial_shops, nicolae_shop_stone
D:4:      layout_rooms, mainiacjoe_overflow_six_doors_small,
          minmay_misc_feat_five
D:5:      layout_loops_ring, temple_pool_b, mainiacjoe_ossuary_entry_dusty_tomb
D:6:      layout_loops_ring, dk_noncrumbling_3
D:7:      layout_loops_cross, enter_bailey_5, guppyfry_early_elven_hall,
          uniq_jeremiah
D:8:      layout_basic
D:9:      cheibrodos_helix_gallery, layout_basic, lemuel_crystal_altar,
          dpeg_lair_monsters, orc_0_dummy, minivault_13
D:10:     layout_irregular_city, minmay_shop_damaged, minmay_misc_feat_tiny,
          uniq_fannar, uniq_urug, uniq_grum
D:11:     layout_basic, tso_oasis_becter, uniq_maurice, uniq_harold
Temple:   hellmonk_temple_of_storms

Skill      XL: |  1  2  3  4  5  6  7  8  9 10 11 12 |
---------------+-------------------------------------+-----
Stealth        | 1 2 3 4 5 6 7 9 |  9.5
Fighting       | 2 3 4 5 6 |  6.3
Throwing       | 1 2 3 5 6 7 |  7.0
Short Blades   | 1 2 3 4 6 7 8 |  8.3
Dodging        | 3 4 5 6 |  6.6
Shields        | 1 2 4 5 6 |  6.3
Invocations    | 1 2 4 5 6 |  6.7
Shapeshifting  | 4 5 |  5.4
Evocations     | 2 3 5 |  5.2
Unarmed Combat | |  3.5

Action                     |  1- 3 |  4- 6 |  7- 9 | 10-12 || total
---------------------------+-------+-------+-------+-------++-------
  Melee: Unarmed           |    12 |       |       |       ||    12
         Constrict         |     8 |    14 |    51 |    17 ||    90
         Tentacles         |     5 |    13 |    45 |    28 ||    91
         Dagger            |    28 |    66 |   196 |    39 ||   329
         Punch             |       |     1 |     8 |     7 ||    16
         Rapier            |       |       |       |   113 ||   113
  Throw: Stone             |     9 |     9 |    20 |    34 ||    72
         Dart              |       |    16 |    24 |    10 ||    50
 Invoke: Heroism           |       |       |     1 |     4 ||     5
  Evoke: Wand              |       |       |     5 |     1 ||     6
         Lightning rod     |       |       |       |     9 ||     9
    Use: Potion            |     1 |       |       |       ||     1
         Scroll            |       |     2 |       |     3 ||     5
   Stab: Sleeping          |     9 |     8 |    18 |    15 ||    50
         Distracted        |       |       |       |     1 ||     1
         Held in net/web   |       |       |       |     1 ||     1
 Armour: Skin              |     9 |    19 |    77 |    54 ||   159
  Dodge: Dodged            |    10 |    32 |    88 |    54 ||   184
  Block: Buckler           |       |     2 |    23 |    62 ||    87
         Reflection        |       |       |       |    10 ||    10
